Map: Ley Lines

Players

oPZesty

  • Race: Zerg Zerg
  • League: Grandmaster
  • Spawn Location: 1:00

Ateshi - Winner!

  • Race: Protoss Protoss
  • Spawn Location: 7:00

VOD

Have the link to the VOD?

Description

Time

  • Played on: Feb. 3, 2025, 7:23 p.m.
  • Length: 11:16
Show
View Real Time Build Order
Export as new Build Order

oPZesty Zerg 

Build Orders: Hatch First 

Get SALT Encoding   

  12  0:00  Drone  
  13  0:08  Drone  
  14  0:15  Extractor, Drone  
  15  0:23  Overlord  
  15  0:41  Drone  
  16  0:45  Hatchery  
  16  0:49  Drone  
  16  0:52  Drone  
  16  0:56  Drone  
  18  1:07  Extractor  
  17  1:12  Spawning Pool  
  17  1:15  Drone  
  17  1:18  Drone  
  18  1:26  Drone  
  19  1:40  Drone  
  20  1:47  Overlord  
  20  1:58  Queen x2  
  20  1:59  Zergling x2  
  20  2:00  Zergling x2  
  26  2:08  Drone  
  26  2:09  Drone  
  26  2:13  Metabolic Boost  
  28  2:26  Drone x2  
  30  2:33  Drone x2  
  32  2:40  Hatchery  
  31  2:48  Overlord  
  31  2:51  Queen  
  31  2:53  Drone  
  31  2:57  Drone x2  
  36  3:03  Overlord  
  36  3:14  Drone x5  
  40  3:24  Queen  
  43  3:27  Queen, Drone  
  45  3:36  Drone x3  
  48  3:43  Overlord, Drone  
  48  3:45  Zergling x2  
  48  3:46  Spore Crawler  
  49  3:49  Drone x2  
  51  3:56  Drone x2  
  53  4:05  Drone x5  
  53  4:09  Spore Crawler  
  57  4:12  Roach Warren  
  57  4:15  Drone x5  
  61  4:22  Extractor  
  60  4:25  Overlord x2  
  60  4:30  Zergling x4  
  62  4:36  Spore Crawler  
  61  4:40  Zergling x8  
  61  4:42  Overlord x5  
  65  4:51  Lair  
  65  5:00  Zergling x12  
  71  5:07  Extractor  
  71  5:08  Extractor  
  68  5:15  Drone x4  
  68  5:16  Queen  
  68  5:17  Extractor, Queen  
  68  5:19  Spore Crawler, Drone x4  
  68  5:20  Drone x3  
  81  5:25  Overlord x2  
  80  5:32  Overlord x2  
  79  5:44  Drone x2  
  76  5:57  Spire, Drone  
  76  5:59  Glial Reconstitution, Zergling x14  
  83  6:04  Queen  
  85  6:13  Overlord x2  
  85  6:14  Overlord  
  85  6:20  Zergling x4  
  84  6:36  Drone x7  
  84  6:37  Drone x2  
  90  6:52  Drone x5  
  94  6:57  Extractor  
  91  7:10  Spore Crawler  
  91  7:12  Corruptor x8  
  91  7:15  Queen  
  103  7:27  Roach x9  
  117  7:37  Roach x6  
  128  7:50  Roach x4  
  114  8:09  Roach x4  
  119  8:29  Roach x5  
  126  8:58  Zergling x16  
  122  9:21  Zergling x2  
  122  9:22  Zergling x12  
  123  9:25  Hatchery  
  123  9:27  Roach x3  
  124  9:35  Roach x2  
  93  9:53  Roach x6  
  93  10:03  Roach x2  
  93  10:12  Roach x4  
  85  10:24  Roach x2  
  85  10:28  Roach  
  77  10:31  Zergling x2  
  78  10:42  Zergling x14  
  85  10:46  Roach Warren  
  84  10:56  Zergling x8  
Show
View Real Time Build Order
Export as new Build Order

Ateshi Protoss - Winner!

Build Orders: 1 Gate Expand 

Get SALT Encoding   

  12  0:00  Probe  
  13  0:12  Probe  
  14  0:20  Pylon  
  14  0:24  Probe  
  15  0:34  Probe  
  15  0:42  Probe  
  16  0:44  Gateway  
  16  0:49  Assimilator  
  17  0:52  Probe  
  18  1:04  Probe  
  19  1:16  Probe  
  20  1:26  Nexus  
  20  1:38  Cybernetics Core  
  20  1:40  Probe  
  21  1:49  Assimilator  
  21  1:52  Probe  
  22  1:55  Pylon  
  22  2:04  Probe  
  22  2:05  Adept  
  25  2:17  Probe  
  25  2:20  Stargate  
  26  2:29  Probe  
  27  2:32  Warp Gate  
  27  2:37  Adept  
  27  2:43  Probe x2  
  29  2:51  Probe x2  
  33  3:00  Probe  
  33  3:01  Probe  
  35  3:12  Probe, Void Ray  
  40  3:13  Probe  
  40  3:19  Pylon  
  41  3:26  Probe x2  
  43  3:37  Fleet Beacon  
  43  3:38  Probe x2  
  45  3:44  Gateway  
  45  3:50  Probe x2  
  47  3:56  Pylon  
  48  4:02  Probe  
  48  4:03  Probe  
  49  4:10  Tempest  
  49  4:11  Assimilator  
  49  4:12  Pylon  
  49  4:13  Assimilator  
  49  4:19  Probe x2  
  55  4:28  Pylon  
  55  4:31  Probe  
  55  4:35  Forge  
  56  4:45  Tempest  
  56  4:51  Protoss Ground Weapons Level 1  
  56  4:55  Twilight Council  
  56  4:59  Adept x2  
  64  5:22  Pylon  
  64  5:24  Gateway  
  64  5:25  Pylon  
  64  5:26  Gateway  
  64  5:31  Resonating Glaives  
  64  5:32  Adept x2  
  64  5:34  Pylon  
  68  5:59  Adept x2  
  72  6:04  Gateway  
  72  6:06  Gateway  
  72  6:07  Gateway  
  72  6:08  Gateway  
  72  6:14  Gateway  
  72  6:17  Pylon  
  72  6:22  Pylon  
  72  6:39  Adept x4  
  80  6:53  Protoss Ground Armor Level 1  
  80  7:01  Adept x5  
  80  7:02  Adept x2, Pylon  
  80  7:03  Pylon  
  80  7:05  Pylon  
  94  7:19  Blink  
  94  7:27  Adept x8  
  80  8:28  Stalker x8  
  96  8:35  Nexus  
  96  8:36  Pylon  
  96  8:54  Stalker x4  
  104  9:04  Stalker x4  
  104  9:13  Probe x2  
  104  9:16  Pylon  
  100  9:24  Adept x3  
  100  9:25  Probe x2, Adept  
  90  9:54  Stalker x6  
  90  9:55  Stalker  
  96  10:16  Probe  
  96  10:17  Probe x2, Sentry x5  
  96  10:18  Sentry x3  
  111  10:35  Probe  
  110  10:40  Stalker x3  
  110  10:41  Stalker x4  
  124  10:43  Stalker  
  124  11:07  Stalker x4  
  124  11:09  Stalker x4  
Tags
 
Add a new tag
Caveats
  • Supply blocks, unpowered buildings, or Contaminate may cause inaccurate times.
  • Supply counts are checked every 10 seconds.